 Dungeon Crawl Stone Soup version 0.20-a0-151-g755e310 (webtiles) character file.

261 mopl the Jinx (level 5, 21/21 HPs)
             Began as a Felid Enchanter on Nov 22, 2016.
             Quit the game on level 5 of the Dungeon.
             The game lasted 00:08:15 (4733 turns).

mopl the Jinx (Felid Enchanter)                     Turns: 4733, Time: 00:08:16

Health: 21/21      AC:  2    Str:  4    XL:     5   Next: 96%
Magic:  10/10      EV: 18    Int: 19    God:
Gold:   161        SH:  0    Dex: 16    Spells: 1/10 levels left
                                        Lives:  0   Deaths: 2

rFire  . . .     SeeInvis +       - Unarmed
rCold  . . .     Gourm    .     (armour unavailable)
rNeg   . . .     Faith    .     (shield unavailable)
rPois  .         Spirit   .     (helmet unavailable)
rElec  .         Reflect  .     (cloak unavailable)
rCorr  +         Harm     .     (gloves unavailable)
MR     .....     Rnd*Tele +     (boots unavailable)
Stlth  ++++......               (no amulet)
                                o - ring of resist corrosion
                                k - ring of teleportation (curse)

@: quick
A: no armour, no weapons or thrown items, stealth, claws 1, fangs 3, see
invisible, carnivore 3, speed 1, shaggy fur 2, slow metabolism 1, sharp paws
a: no special abilities


You were on level 5 of the Dungeon.
You were not hungry.

You visited 1 branch of the dungeon, and saw 5 of its levels.

You collected 161 gold pieces.

Inventory:

Hand Weapons
 s - the +2 rapier "Riqil" {venom, Str+4, unknown}
   (You found it on level 5 of the Dungeon)

   It poisons the flesh of those it strikes.
   It affects your strength (+4).
Jewellery
 k - a cursed ring of teleportation (left paw)
 o - a ring of resist corrosion (right paw)
Wands
 f - a wand of acid (7/15)
Scrolls
 c - 3 scrolls of fear {unknown}
 d - a scroll of enchant armour {unknown}
 e - 2 scrolls of remove curse {unknown}
 g - a scroll of enchant weapon {unknown}
 h - 5 scrolls of identify {unknown}
 j - a scroll of fog {unknown}
 l - a scroll of teleportation {unknown}
Potions
 m - 3 potions of flight {unknown}
 n - a potion of might {unknown}
 p - 2 potions of haste {unknown}
 r - a potion of curing
Books
 a - a book of Maledictions

   Spells                             Type                      Level
   a - Corona                         Hexes                        1
   b - Ensorcelled Hibernation        Hexes/Ice                    2
   c - Confuse                        Hexes                        3
   d - Tukima's Dance                 Hexes                        3
   e - Dazzling Spray                 Conjuration/Hexes            3
Comestibles
 b - a meat ration
 i - 2 beef jerkies
 q - a slice of pizza


   Skills:
 - Level 2.6 Dodging
 * Level 6.7 Stealth
 * Level 4.3 Unarmed Combat
 + Level 3.1 Spellcasting
 + Level 1.4 Conjurations
 * Level 8.2 Hexes
 + Level 2.0 Ice Magic


You had one spell level left.
You knew the following spells:

 Your Spells              Type           Power        Failure   Level  Hunger
a - Corona                Hex            ####...      1%          1    None
b - Ensorcelled Hibernat  Hex/Ice        ###...       3%          2    ##.....
c - Confuse               Hex            ####....     1%          3    ###....
g - Dazzling Spray        Conj/Hex       ###...       8%          3    ###....


Dungeon Overview and Level Annotations

Branches:
Dungeon (5/15)
 Temple: D:4-7

Altars:
Dithmenos

Shops:
D:4 %

Annotations:
D:3 rF+++


Innate Abilities, Weirdness & Mutations

You cannot wear armour.
You are incapable of wielding weapons or throwing items.
Your paws allow you to move quietly. (Stealth)
You have sharp claws.
You have razor-sharp teeth.
You have supernaturally acute eyesight. (SInv)
You are carnivorous and can eat meat at any time.
You cover ground quickly.
You are covered in thick fur. (AC +2)
You have a slow metabolism.
Your sharp claws are effective at attacking unaware monsters.


Message History

There is an open door here.
The crimson imp blinks!
A hound comes into view.
The crimson imp lashes its tail.
The crimson imp blinks!
A worker ant zombie is nearby!
You start resting.
You are suddenly yanked towards some nearby monsters!
Your surroundings suddenly seem different. 3 gnolls come into view.
The gnoll shouts! x3
The gnoll misses you.
The gnoll hits you from afar with an enchanted spear.
* * * LOW HITPOINT WARNING * * *
The gnoll hits you from afar with an enchanted spear!
You die...
You are now level 5!
You rejoin the land of the living...
Found a throwing net, a bread ration and 5 gold pieces.
Are you sure you want to abandon this character and quit the game? (Confirm with "yes".)

##.......##
##.....##
##...##
##+## #. #.
####.####
#.......##
#....@...#
#.....#..#
#.%#(..
.... #.
..... ####
.. ....#.#
## ...$...#
#########


There were no monsters in sight!

Vanquished Creatures
  Grinder (D:3)
  Sigmund (D:3)
  A phantom (D:4)
  A howler monkey (D:4)
  A crimson imp (D:5)
  A hound (D:4)
  2 worker ants (D:5)
  10 adders
  4 gnolls
  A shadow imp (D:5)
  An ooze (D:2)
  An adder skeleton (D:4)
  2 worms (D:2)
  A dart slug (D:3)
  A leopard gecko (D:3)
  4 orcs
  A ball python (D:2)
  6 giant cockroaches
  7 goblins
  13 hobgoblins
  3 jackals (D:1)
  5 kobolds
  7 quokkas
  8 bats
  2 frilled lizards (D:1)
  7 rats
92 creatures vanquished.

Vanquished Creatures (others)
  An adder (D:3)
  A kobold (D:3)
  A rat (D:3)
3 creatures vanquished.

Grand Total: 95 creatures vanquished

Notes
Turn   | Place    | Note
-------+----------+-------------------------------------------
     0 | D:1      | mopl the Felid Enchanter began the quest for the Orb.
     0 | D:1      | Reached XP level 1. HP: 7/7 MP: 4/4
   272 | D:1      | Reached XP level 2. HP: 11/11 MP: 6/6
   286 | D:1      | Learned a level 2 spell: Ensorcelled Hibernation
   988 | D:1      | Reached skill level 5 in Hexes
  1180 | D:2      | Reached skill level 2 in Unarmed Combat
  1229 | D:1      | Reached XP level 3. HP: 14/14 MP: 7/7
  1237 | D:1      | Learned a level 3 spell: Confuse
  1737 | D:2      | Reached XP level 4. HP: 9/18 MP: 0/8
  2839 | D:3      | Reached skill level 6 in Hexes
  2848 | D:3      | Noticed Grinder
  3017 | D:3      | Reached XP level 5. HP: 18/21 MP: 9/9
  3076 | D:3      | Noticed Sigmund
  3089 | D:3      | Killed Sigmund
  3089 | D:3      | Reached skill level 5 in Stealth
  3089 | D:3      | Reached skill level 3 in Unarmed Combat
  3089 | D:3      | Reached skill level 1 in Ice Magic
  3089 | D:3      | Gained mutation: You are covered in thick fur. (AC +2) [Felid growth]
  3089 | D:3      | Reached XP level 6. HP: 17/24 MP: 4/10
  3102 | D:3      | Learned a level 3 spell: Dazzling Spray
  3206 | D:3      | Killed Grinder
  3206 | D:3      | Reached skill level 6 in Stealth
  3206 | D:3      | Reached skill level 7 in Hexes
  3206 | D:3      | Reached XP level 7. HP: 15/27 MP: 7/12
  3347 | D:3      | Found a shadowy altar of Dithmenos.
  3701 | D:4      | Reached skill level 1 in Conjurations
  3901 | D:4      | Reached skill level 4 in Unarmed Combat
  3901 | D:4      | Reached skill level 3 in Spellcasting
  3991 | D:4      | Slain by a gnoll
  3992 | D:4      | Reached XP level 6. HP: -1/24 MP: 7/11
  4091 | D:4      | Found Ulez's Food Shoppe.
  4134 | D:4      | Reached skill level 2 in Ice Magic
  4397 | D:5      | Entered Level 5 of the Dungeon
  4421 | D:5      | Reached skill level 8 in Hexes
  4494 | D:5      | Got a steaming rapier
  4695 | D:5      | HP: 1/24 [poisoned by an adder]
  4732 | D:5      | Mangled by a gnoll
  4733 | D:5      | Reached XP level 5. HP: -6/21 MP: 7/10
  4733 | D:5      | Quit the game

Vault maps used:
D:1:      minmay_arrival_nine_rooms
D:2:      st_stairs_6, kennysheep_boxes
D:3:      nicolae_dithmenos_through_a_glass_darkly, lemuel_flame_loot_1,
          uniq_grinder, uniq_sigmund
D:4:      serial_shops, nicolae_shop_behind_doors, minmay_misc_feat_iff
D:5:      first_bread, uniq_eustachio, uniq_pikel

Skill      XL: |  1  2  3  4  5  6  7 |
---------------+----------------------+-----
Hexes          | 5 6 8 |  8.2
Unarmed Combat | 2 3 4 |  4.3
Stealth        | 5 6 |  6.7
Ice Magic      | 1 2 |  2.0
Conjurations   | 1 |  1.4
Spellcasting   | 3 |  3.1
Dodging        | |  2.6

Action                   |  1- 3 |  4- 6 |  7- 9 || total
-------------------------+-------+-------+-------++-------
Melee: Unarmed           |   132 |   134 |    29 ||   295
       Bite              |     5 |    14 |     4 ||    23
       Punch             |       |     2 |       ||     2
 Cast: Ensorcelled Hiber |    14 |    35 |     7 ||    56
       Confuse           |       |     4 |     4 ||     8
  Use: Potion            |       |     2 |       ||     2
 Stab: Sleeping          |    20 |    25 |     8 ||    53
       Distracted        |       |     1 |       ||     1
       Confused          |       |     3 |     1 ||     4
  Eat: Chunk             |    10 |    12 |     2 ||    24
Armor: Skin              |     8 |     3 |       ||    11
Dodge: Dodged            |   115 |    87 |    14 ||   216
